 Dungeon Crawl Stone Soup version 0.22-a0-512-g0943f25 (webtiles) character file.

38 Gorglomux the Chopper (level 3, -1/32 HPs)
             Began as a Deep Dwarf Gladiator on June 18, 2018.
             Was an Initiate of Makhleb.
             Slain by a wight
             ... wielding a +0 trident
              (6 damage)
             ... on level 2 of the Dungeon.
             The game lasted 00:01:22 (931 turns).

Gorglomux the Chopper (Deep Dwarf Gladiator)         Turns: 931, Time: 00:01:23

Health: -1/32      AC:  6    Str: 18    XL:     3   Next: 25%
Magic:  3/3        EV: 12    Int:  8    God:    Makhleb [......]
Gold:   66         SH:  0    Dex: 14    Spells: 2/2 levels left

rFire    . . .     SeeInvis +   a - +0 war axe
rCold    . . .     Gourm    .   (no shield)
rNeg     . . .     Faith    .   O - +0 ring mail
rPois    +         Spirit   .   P - +0 helmet
rElec    .         Reflect  .   (no cloak)
rCorr    .         Harm     .   (no gloves)
MR       .....                  (no boots)
Stlth    +.........             (no amulet)
HPRegen  0.00/turn              o - ring of poison resistance
MPRegen  0.08/turn              s - ring of see invisible

@: non-regenerating, hasted, heavily drained, very quick
A: damage resistance, heal wounds, sense surroundings 1, no regeneration
a: Heal Wounds, Renounce Religion


You were on level 2 of the Dungeon.
You worshipped Makhleb.
Makhleb was noncommittal.
You were not hungry.

You visited 1 branch of the dungeon, and saw 2 of its levels.

You collected 66 gold pieces.

Inventory:

Hand Weapons
 a - a +0 war axe (weapon)
Missiles
 Z - 3 throwing nets (quivered)
Armour
 O - a +0 ring mail (worn)
 P - a +0 helmet (worn)
Jewellery
 o - a ring of poison resistance (left hand)
 s - a ring of see invisible (right hand)
Scrolls
 Q - 2 scrolls of identify {unknown}
 R - 3 scrolls of teleportation {unknown}
 V - a scroll of enchant armour {unknown}
 W - 2 scrolls of remove curse {unknown}
Potions
 S - a potion of flight {unknown}
 T - a potion of haste
 U - a potion of berserk rage {unknown}
 Y - a potion of mutation {unknown}
Comestibles
 f - 4 rations
 X - 6 chunks of flesh


   Skills:
 + Level 2.2(1.1) Fighting
 + Level 3.7(2.6) Axes
 - Level 1.7(0.6) Throwing
 + Level 1.3(0.2) Armour
 + Level 3.7(2.6) Dodging
 + Level 0.1(0.0) Invocations


You had 2 spell levels left.
You didn't know any spells.
Your spell library was empty.

Dungeon Overview and Level Annotations

Branches:
Dungeon (2/15)

Altars:
Ashenzari
Makhleb
Zin


Innate Abilities, Weirdness & Mutations

You are resistant to damage.
You can heal yourself by infusing magical energy.
You passively map a small area around you.
You do not regenerate.


Message History

You feel drained!
You open the wight but do no damage!
The wight is moderately damaged!
The wight closely misses you!
The wight butts you from afar with a trident!!! * * * don't die
* * * You feel drained!
You are butt injured to fight recklessly!!!
You are too injured to fight recklessly!!!
You are too injured to fight recklessly!!!
There are monsters nearby!!!
Unknown command!
You fail to butt your butt!
The wight hits you with a long sword of freezing! * * * don't die
* * * The wight freezes you!
The wight hits you but does no damage!
It was a potion of haste!
You feel yourself speed up! The wight closely misses you!
The wight hits you from afar with a trident!!! butt

, * ** * *, , *
*##### * ,
#...#### ♣.♣....#
,,
♣.♣###.###########
, , ♣.♣
*#.>.......... ,,
♣@♣.....##########
,*♣z♣####.# # *
♣z♣ #.# # * ##z#
#.# # #..# #.# #
*#...# #.#
*####### ** #.#.#
#.. ....... , * #.
.# * ####### #.*.#
##♣#


You could see 3 wights.

Vanquished Creatures
  A worm (D:2)
  2 dart slugs (D:1)
  A leopard gecko (D:2)
  3 hobgoblins (D:1)
  A quokka (D:2)
  3 bats
  2 frilled lizards (D:2)
  7 goblins
  6 kobolds (D:1)
  4 rats
30 creatures vanquished.

Vanquished Creatures (others)
  5 toadstools (D:1)
5 creatures vanquished.

Grand Total: 35 creatures vanquished

Notes
Turn   | Place    | Note
-------+----------+-------------------------------------------
     0 | D:1      | Gorglomux the Deep Dwarf Gladiator began the quest for the Orb.
     0 | D:1      | Reached XP level 1. HP: 19/19 MP: 1/1
   104 | D:1      | Reached XP level 2. HP: 26/26 MP: 2/2
   255 | D:1      | Reached skill level 1 in Armour
   728 | D:2      | Found a shattered altar of Ashenzari.
   753 | D:2      | Reached XP level 3. HP: 27/32 MP: 3/3
   814 | D:2      | Found a burning altar of Makhleb.
   820 | D:2      | Found a glowing silver altar of Zin.
   820 | D:2      | Noticed an angel
   821 | D:2      | Noticed a cacodemon
   838 | D:2      | Became a worshipper of Makhleb the Destroyer
   931 | D:2      | Slain by a wight

Vault maps used:
D:1:      ldierk_walled_garden, st_stairs_12, minmay_octomino_j4
D:2:      grunt_temple_overflow_order_and_chaos_2, lemuel_crystal_altar,
          serial_forest, infiniplex_forest_straight_2,
          infiniplex_forest_lined_room_3, infiniplex_forest_end_3,
          infiniplex_forest_clump_cross, infiniplex_forest_clump_medium,
          infiniplex_forest_clump_long, infiniplex_forest_clump_double,
          infiniplex_forest_lined_3_way, ashenzari_altar_1

Skill      XL: |  1  2 |
---------------+-------+-----
Fighting       | 2 |  2.2
Armour         | 1 |  1.3
Axes           | |  3.7
Throwing       | |  1.7
Dodging        | |  3.7
Invocations    | |  0.1

Action                   || total
-------------------------++-------
Melee: War axe           ||    66
  Use: Potion            ||     1
Armor: Leather armour    ||    12
       Ring mail         ||    10
Dodge: Dodged            ||    51

Table legend:
 A = Spawn XP
 B = Non-spawn XP
 C = Spawn XP percentage of total XP
 D = Spawn monster count
 E = Non-spawn monster count
 F = Spawn count percentage of total count
 G = Total turns spent on level
                    A         B        C        D         E        F      G
               +---------+---------+-------+---------+---------+-------+---------
         Total |       0 |      55 |   0.0 |       0 |      30 |   0.0 |   931
               +---------+---------+-------+---------+---------+-------+---------
           D:1 |       0 |      35 |   0.0 |       0 |      19 |   0.0 |   726
           D:2 |       0 |      20 |   0.0 |       0 |      11 |   0.0 |   205
               +---------+---------+-------+---------+---------+-------+---------
